 Dungeon Crawl Stone Soup version 0.28-a0-1347-g113dc556a4 (webtiles) character file.

Game seed: 3651428938345039820

12 2tousent the Sneak (level 2, -2/15 HPs)
             Began as a Vampire Enchanter on Dec 29, 2021.
             Slain by a hobgoblin (5 damage)
             ... on level 1 of the Dungeon.
             The game lasted 00:01:54 (1522 turns).

2tousent the Sneak (Vampire Enchanter)              Turns: 1522, Time: 00:01:55

Health: -2/15      AC:  2    Str:  7    XL:     2   Next: 20%
Magic:  5/5        EV: 12    Int: 17    God:
Gold:   50         SH:  0    Dex: 14    Spells: 3/5 levels left

rFire   . . .      SeeInvis +   a - +1 dagger
rCold   + + .      Faith    .   j - orb {*channel}
rNeg    + + +      Spirit   .   b - +0 robe
rPois   ∞          Reflect  .   (no helmet)
rElec   .          Harm     .   (no cloak)
rCorr   .          Rampage  .   (no gloves)
Will    .....                   (no boots)
Stlth   +++++.....              (no amulet)
HPRegen 0.00/turn               (no ring)
MPRegen 0.09/turn               (no ring)

@: bloodless, inhibited regen
A: bloodless, fangs 3, see invisible, vampiric 1
a: Revivify


You were on level 1 of the Dungeon.
You visited 1 branch of the dungeon, and saw 1 of its levels.

You collected 50 gold pieces.

Inventory:

Hand Weapons
 a - a +1 dagger (weapon)
Missiles
 g - a throwing net (quivered)
Armour
 b - a +0 robe (worn)
 j - an orb of energy (worn)
Scrolls
 d - a scroll of vulnerability {unknown}
 e - 2 scrolls of enchant armour {unknown}
 f - 2 scrolls of noise {unknown}
 h - a scroll of fear {unknown}
 i - a scroll of identify {unknown}
Potions
 c - a potion of invisibility


   Skills:
 + Level 1.4 Short Blades
 - Level 2.1 Dodging
 * Level 4.9 Stealth
 - Level 2.0 Spellcasting
 * Level 4.8 Hexes
 * Level 0.2 Ice Magic


You had 3 spell levels left.
You knew the following spells:

 Your Spells              Type           Power      Damage    Failure   Level
a - Ensorcelled Hibernat  Hex/Ice        20%        N/A       11%         2

Your spell library contained the following spells:

 Spells                   Type           Power      Damage    Failure   Level
 Confusing Touch          Hex            18%        N/A       8%          3
 Tukima's Dance           Hex            18%        N/A       8%          3
 Dazzling Flash           Conj/Hex       18%        N/A       22%         3


Dungeon Overview and Level Annotations

Branches:
Dungeon (1/15)

Altars:


Innate Abilities, Weirdness & Mutations

You do not regenerate when monsters are visible.
You are frail without blood (-20% HP).
You can heal yourself when you bite living creatures.
You are immune to poison.
You have razor-sharp teeth.
You have supernaturally acute eyesight. (SInv)
You are afflicted with vampirism.


Message History

2 goblins come into view.
There are monsters nearby!
No reachable target in view!
Okay, then.
You open the door. 2 hobgoblins come into view.
There are monsters nearby!
There is an open door here.
You open the large door.
A hobgoblin is nearby!
The hobgoblin throws a stone.
The stone hits you but does no damage.
There is a large open door here.
There is a large open door here.
You hit the hobgoblin but do no damage.
The hobgoblin shouts!
The hobgoblin hits you.
You barely miss the hobgoblin. The hobgoblin closely misses you.
The hobgoblin barely misses you.
There is a large open door here.
You closely miss the hobgoblin. The hobgoblin hits you.
You barely miss the hobgoblin. The hobgoblin hits you.
You hit the hobgoblin.
The hobgoblin is heavily wounded.
The hobgoblin hits you.
You closely miss the hobgoblin. Your bite misses the hobgoblin.
The hobgoblin is heavily wounded.
The hobgoblin misses you.
You completely miss the hobgoblin.
The hobgoblin is heavily wounded.
You hit the hobgoblin.
The hobgoblin is almost dead.
The hobgoblin hits you.
You completely miss the hobgoblin.
The hobgoblin is almost dead.
The hobgoblin hits you.
* * * LOW HITPOINT WARNING * * *
You hit the hobgoblin.
You kill the hobgoblin!
You barely miss the hobgoblin. The hobgoblin hits you.
You die...

##.##### ###8#8'8### #####.##.#
###.##≈..###.........###...##.#..
>.#.#§≈.g##...........##....#.#..
#.#.#≈...##............#....#.#.#
#...'≈g..+8.....<...........'.#.#
..#.#≈...#+............#....#.#.#
..#.# ≈..##...........##....#.#.#
#.#.# ..###.........###...##.#.#
#.#.## ## ####8@8#### #####.##..
#.##.# ######g#### #.##.. ..##.##
#.§§...§....# ##.##.# #..##.###
#≈≈§§§§..≈≈≈# ###.###.#
.#..##..#####§§§§§≈≈#####..###..#
.##..###...#####§#####...###.....
.###..#####...........#####..####
.......###################...# #
.#####........[............#.# #


You could see a hobgoblin.

Vanquished Creatures
  An endoplasm (D:1)
  A giant cockroach (D:1)
  A goblin (D:1)
  2 hobgoblins (D:1)
  2 quokkas (D:1)
  A ball python (D:1)
  2 kobolds (D:1)
  A rat (D:1)
11 creatures vanquished.

Notes
Turn   | Place    | Note
-------+----------+-------------------------------------------
     0 | D:1      | 2tousent the Vampire Enchanter began the quest for the Orb.
     0 | D:1      | Reached XP level 1. HP: 13/13 MP: 3/3
   771 | D:1      | Reached XP level 2. HP: 2/15 MP: 5/5
   774 | D:1      | Learned a level 2 spell: Ensorcelled Hibernation
  1522 | D:1      | Slain by a hobgoblin

Illustrated notes

Levels and vault maps discovered:
D:1:      dpeg_arrival_morbid_curiosity, layout_basic

Action                   || total
-------------------------++-------
Melee: Dagger            ||    51
       Bite              ||     4
 Abil: Exsanguinate      ||     1
 Stab: Sleeping          ||     1
Armor: Robe              ||     4
Dodge: Dodged            ||    27

Table legend: (Time is in decaauts)
 A = Elapsed time spent in this place.
 B = Non-inter-level travel time spent in this place.
 C = Inter-level travel time spent in this place.
 D = Time resting spent in this place.
 E = Time spent auto-exploring this place.
 F = Levels seen in this place.
 G = Mean time per level.
                   A        B        C        D        E       F      G
               +--------+--------+--------+--------+--------+-----+--------+
         Total |   1518 |   1518 |      0 |      0 |   1386 |   1 | 1518.0 |
       Dungeon |   1518 |   1518 |      0 |      0 |   1386 |   1 | 1518.0 |
               +--------+--------+--------+--------+--------+-----+--------+

Top non-repeatable levels by time:
     D:1: 1518 daAuts
